AoeStats
← Fairy22

African Clearing

510955891Analyzed
4v4 RM · 11h ago on Oct 3, 2026· 37m 11s· 8 players
Game mode
Random Map
Map size
Large (8 player)
Population
200
Speed
Normal
Resources
Standard
Victory
Conquest
Starting age
Dark Age
Ending age
Imperial Age
RankedLock teamsTeams togetherTeam positionsShared explorationLock speedFull tech treeHidden civsTurbo modeCheats
Victory
Defeat
1266
+11
🇨🇳 Sicilians · China
1224
+13
🇨🇳 Burgundians · China
1057
+21
🇨🇳 Wu · China
1046
+21
🇦🇺 Koreans · Australia
1187
-18
🇷🇺 Mapuche · Russia
1171
-17
🇺🇸 Maya · United States
1137
-16
🇨🇱 Japanese · Chile
1120
-15
精神老头
11:26 Double-Bit Axe
14:35 Feudal Age
13:34 Loom
19:05 Castle Age
17:48 Gold Mining
18:13 Bow Saw
20:11 Scale Barding Armor
21:10 Husbandry
20:30 Cavalier
21:42 Forging
21:58 Horse Collar
23:16 Gold Shaft Mining
28:54 Two-Man Saw
32:37 Iron Casting
高老头子
7:12 Loom
14:56 Feudal Age
15:02 Man-at-Arms
16:18 Arson
18:11 Forging
25:21 Double-Bit Axe
29:15 Castle Age
32:45 Bow Saw
33:36 Squires
34:29 Wheelbarrow
35:59 Scale Mail Armor
传奇耐电王汤恩伯
5:15 Loom
7:30 Loom
14:40 Feudal Age
18:45 Castle Age
16:37 Double-Bit Axe
22:02 Bow Saw
24:40 Wheelbarrow
25:28 Horse Collar
27:42 Heavy Plow
29:06 Town Watch
33:14 Vendel Legacy
37:06 Imperial Age
34:28 Gold Mining
35:31 Hand Cart
36:43 Forging
36:38 Scale Barding Armor
36:46 Bloodlines
36:36 Husbandry
Fairy22
3:12 Loom
13:44 Feudal Age
14:56 Double-Bit Axe
17:57 Castle Age
19:40 Horse Collar
20:36 Bow Saw
21:38 Wheelbarrow
22:51 Heavy Plow
24:53 Hand Cart
30:47 Imperial Age
28:38 Gold Mining
29:25 Scale Barding Armor
29:31 Forging
29:35 Bloodlines
29:25 Husbandry
31:22 Chain Barding Armor
31:37 Iron Casting
31:28 Fletching
31:16 Cavalier
34:19 Plate Barding Armor
34:45 Gold Shaft Mining
35:33 Conscription
36:02 Stone Mining
37:41 Blast Furnace
38:20 Crop Rotation
Lazerkats
3:10 Loom
15:02 Feudal Age
18:49 Castle Age
23:49 Double-Bit Axe
27:25 Wheelbarrow
29:11 Sanctity
29:21 Bow Saw
32:51 Fletching
36:10 Town Watch
Junioronga
xxxx
3:08 Loom
15:01 Feudal Age
16:53 Double-Bit Axe
19:58 Fishing Lines
24:24 Castle Age
23:57 Gold Mining
24:28 Fletching
24:42 Padded Archer Armor
24:59 Gillnets
25:30 Bow Saw
26:03 Gold Shaft Mining
27:16 Bodkin Arrow
28:18 Wheelbarrow
27:27 Horse Collar
27:38 Stone Mining
28:57 Ballistics
29:05 Leather Archer Armor
29:47 Hand Cart
30:44 Heavy Plow
34:18 Imperial Age
34:24 Stone Shaft Mining
33:37 Pikeman
34:21 Scale Mail Armor
35:31 Forging
Bread
14:18 Loom
16:05 Feudal Age
17:20 Double-Bit Axe
19:00 Fletching
22:49 Wheelbarrow
22:31 Horse Collar
28:34 Castle Age
27:35 Stone Mining
27:48 Gold Mining
29:09 Forging
30:02 Bow Saw
29:51 Bodkin Arrow
29:25 Pikeman
31:25 Squires
32:04 Iron Casting
34:09 Arson
34:48 Hand Cart
35:30 Scale Mail Armor
39:01 Imperial Age
36:54 Eupseong
Connection lost

Rejoining the realm…

Still unreachable

The connection could not be restored.

Session expired

The server has moved on; the page needs a fresh start.